 Dungeon Crawl Stone Soup version 0.23.2-33-g5129a83184 (webtiles) character file.

Game seed: 13255643587012590359

60 t4s4d4r the Cudgeler (level 3, -4/29 HPs)
             Began as a Draconian Skald on July 14, 2019.
             Killed from afar by an orc wizard (10 damage)
             ... with a magic dart
             ... on level 1 of the Dungeon.
             The game lasted 00:01:57 (1959 turns).

t4s4d4r the Cudgeler (Draconian Skald)              Turns: 1959, Time: 00:01:58

Health: -4/29      AC:  5    Str: 13    XL:     3   Next: 80%
Magic:  5/6        EV: 12    Int: 14    God:
Gold:   79         SH:  0    Dex: 10    Spells: 5/6 levels left

rFire    . . .     SeeInvis .   a - +0 mace
rCold    . . .     Gourm    .   (no shield)
rNeg     . . .     Faith    .   (armour unavailable)
rPois    .         Spirit   .   (helmet restricted)
rElec    .         Reflect  .   (no cloak)
rCorr    +         Harm     .   (no gloves)
MR       .....                  (no boots)
Stlth    +.........             (no amulet)
HPRegen  0.09/turn              g - ring of resist corrosion
MPRegen  0.10/turn              (no ring)

@: infused (expiring)
A: unfitting armour, cold-blooded, AC +5
a: no special abilities


You were on level 1 of the Dungeon.
You were hungry.

You visited 1 branch of the dungeon, and saw 2 of its levels.

You collected 79 gold pieces.

Inventory:

Hand Weapons
 a - a +0 mace (weapon)
Missiles
 h - 129 stones (quivered)
Jewellery
 g - a ring of resist corrosion (left hand)
Scrolls
 b - 2 scrolls of enchant weapon {unknown}
 e - 2 scrolls of random uselessness {unknown}
 f - 4 scrolls of identify {unknown}
 i - a scroll of teleportation {unknown}
 k - a scroll of remove curse {unknown}
Potions
 d - a potion of agility {unknown}
Comestibles
 c - 3 rations
 j - 6 chunks of flesh


   Skills:
 - Level 2.1 Fighting
 + Level 4.2 Maces & Flails
 - Level 2.1 Dodging
 - Level 2.0 Spellcasting
 - Level 2.6 Charms


You had 5 spell levels left.
You knew the following spells:

 Your Spells              Type           Power        Failure   Level  Hunger
a - Infusion              Chrm           #...         8%          1    ##.....

Your spell library contained the following spells:

 Spells                   Type           Power        Failure   Level  Hunger
 Song of Slaying          Chrm           #.......     12%         2    ###....
 Shroud of Golubria       Chrm/Tloc      #.........   21%         2    ###....
 Regeneration             Chrm/Necr      #.........   38%         3    ####...
 Spectral Weapon          Hex/Chrm       #.......     38%         3    ####...


Dungeon Overview and Level Annotations

Branches:
Dungeon (2/15)

Altars:
Zin


Innate Abilities, Weirdness & Mutations

Your plain brown scales are hard. (AC +5)
You cannot fit into any form of body armour.
You are cold-blooded and may be slowed by cold attacks.


Message History

The orc wizard is moderately wounded.
The orc wizard hits you but does no damage.
You hit the orc wizard.
Your tail-slap misses the orc wizard.
The orc wizard is moderately wounded.
The orc wizard misses you.
You barely miss the orc wizard.
The orc wizard is moderately wounded.
The orc wizard barely misses you.
You completely miss the orc wizard.
The orc wizard is moderately wounded.
The orc wizard mumbles some strange words.
The orc wizard blinks!
Your magical infusion is running out.
You hit the orc wizard.
The orc wizard is heavily wounded.
The orc wizard hits you with a +0 dagger.
* * * LOW HITPOINT WARNING * * *
The orc wizard gestures at you while chanting.
The magic dart hits you!
You die...

#######
##.....##############
...............o@..>#
.......############)#
.......# ##### #.#
.#.....# ##...###.#
)#.....# #........#
.#.....# #........#
.#.#...#####.......)#
(#.........#........#
.##......#.##.......#


You could see an orc wizard.

Vanquished Creatures
  An adder (D:2)
  4 worms (D:2)
  3 dart slugs
  An orc (D:1)
  2 giant cockroaches (D:1)
  4 goblins (D:1)
  3 jackals (D:1)
  2 quokkas (D:2)
  4 bats
  4 frilled lizards
  4 kobolds
  2 rats (D:1)
34 creatures vanquished.

Notes
Turn   | Place    | Note
-------+----------+-------------------------------------------
     0 | D:1      | t4s4d4r the Draconian Skald began the quest for the Orb.
     0 | D:1      | Reached XP level 1. HP: 17/17 MP: 3/3
    43 | D:1      | Reached XP level 2. HP: 11/24 MP: 0/5
   358 | D:1      | Reached skill level 3 in Maces & Flails
   961 | D:2      | Reached XP level 3. HP: 4/29 MP: 0/6
  1385 | D:2      | Reached skill level 4 in Maces & Flails
  1735 | D:2      | Found a glowing silver altar of Zin.
  1959 | D:1      | Killed from afar by an orc wizard

Skill      XL: |  1  2  3 |
---------------+----------+-----
Maces & Flails | 3 4 |  4.2
Fighting       | |  2.1
Dodging        | |  2.1
Spellcasting   | |  2.0
Charms         | |  2.6

Action                   || total
-------------------------++-------
Melee: Mace              ||   104
       Tailslap          ||    12
 Cast: Infusion          ||     8
  Eat: Chunk             ||     3
Armor: Skin              ||    34
Dodge: Dodged            ||    57
